 Dungeon Crawl Stone Soup version 0.30.1-11-g7821555f0a (webtiles) character file.

Game seed: 1126743159101963328

117 Martska the Trooper (level 4, -1/37 HPs)
             Began as a Demonspawn Fighter on Dec 11, 2023.
             Was an Initiate of Okawaru.
             Slain by Grinder (4 damage)
             ... while paralysed by Grinder
             ... on level 3 of the Dungeon.
             The game lasted 00:05:12 (1761 turns).

Martska the Trooper (Demonspawn Fighter)            Turns: 1761, Time: 00:05:13

Health: -1/37      AC:  7    Str: 18    XL:     4   Next: 71%
Magic:  4/4        EV:  2    Int:  9    God:    Okawaru [......]
Gold:   197        SH:  0    Dex: 13    Spells: 3/3 levels left

rFire   . . .        f - +0 dagger (venom)
rCold   . . .        c - +0 buckler
rNeg    . . .        b - +0 scale mail
rPois   .            (no helmet)
rElec   .            (no cloak)
rCorr   .            g - +0 pair of gloves
SInv    .            (no boots)
Will    .....        (no amulet) Stlth
                     (no ring)
HPRegen 0.26/turn    (no ring)
MPRegen 0.09/turn

%: no passive effects
@: paralysed, mighty
A: large bone plates 2, spiny 1
a: Renounce Religion


You were on level 3 of the Dungeon.
You worshipped Okawaru.
Okawaru was noncommittal.
You visited 1 branch of the dungeon, and saw 3 of its levels.

You collected 197 gold pieces.

Inventory:

Hand Weapons
 a - a +0 trident
 f - a +0 dagger of venom (weapon)
Armour
 b - a +0 scale mail (worn)
 c - a +0 buckler (worn)
 g - a +0 pair of gloves (worn)
Jewellery
 q - a +6 ring of intelligence
Wands
 r - a wand of flame (16)
Scrolls
 e - 7 scrolls of identify {unknown}
 j - 2 scrolls of teleportation {unknown}
 l - a scroll of magic mapping {unknown}
 m - a scroll of enchant weapon {unknown}
 p - a scroll of vulnerability {unknown}
Potions
 d - a potion of might
 h - a potion of haste {unknown}
 i - a potion of lignification {unknown}
 k - a potion of berserk rage {unknown}
 n - 2 potions of degeneration {unknown}
 o - 2 potions of curing


   Skills:
 * Level 3.9 Fighting
 - Level 1.7 Polearms
 + Level 3.1 Armour
 * Level 2.2 Dodging
 + Level 3.1 Shields
 + Level 0.2 Invocations


You had 3 spell levels left.
You didn't know any spells.
Your spell library contained the following spells:

 Spells                   Type           Power      Damage    Failure   Level
 Blink                    Tloc           0%         N/A       94%         2
 Manifold Assault         Tloc           0%         N/A       100%        4
 Storm Form               Tmut/Air       0%         N/A       100%        7


Dungeon Overview and Level Annotations

Branches:
Dungeon (3/15)

Altars:
Dithmenos
Okawaru

Annotations:
D:3 Grinder


Innate Abilities, Weirdness & Mutations

You are mostly covered in large bone plates. (SH +6)
You are partially covered in sharp spines.


Message History

Grinder is lightly wounded.
You feel sick. You block Grinder's attack.
You closely miss Grinder.
Grinder is lightly wounded.
You feel sick.
You are no longer poisoned.
Grinder gestures at you. Pain shoots through your body!
You are too injured to fight recklessly!
You are too injured to fight recklessly!
You hit Grinder but do no damage.
Grinder is lightly wounded.
Grinder hits you!
* * * LOW HITPOINT WARNING * * *
Grinder gestures at you. You resist with significant effort.
You feel very mighty all of a sudden. Grinder gestures at you.
Pain shoots through your body!
* * * LOW HITPOINT WARNING * * *
You block Grinder's attack.
You puncture Grinder!
Grinder looks as sick as possible!
Grinder is moderately wounded.
Grinder says, "Tell me all your secrets, or I'll kill you."
Grinder closely misses you.
You puncture Grinder!
Grinder is heavily wounded.
Grinder gestures at you. Pain shoots through your body!
* * * LOW HITPOINT WARNING * * *
You hit Grinder.
Grinder is severely wounded.
Grinder gestures at you. You resist with significant effort.
You barely miss Grinder.
Grinder is severely wounded.
Grinder gestures at you.
You suddenly lose the ability to move!
Grinder hits you.
You die...

.................#
.#####.≈≈.≈≈≈≈≈≈.#
.# ##.≈.......≈.# .#
##.§≈.#####.≈.#
.###...≈.#.....§.#
.....#.≈.#._.#.§.#
.....#.≈.....#.§.#
.)...#.≈.#####.≈.#
#)†.##§≈.......≈@#
.....§§§≈≈≈≈≈≈≈≈5#
##..#.§.........K.
...................
.....####...........
....... .#..########
........ ##.
........ # ......


You could see Grinder (very poisoned) and a kobold.

Vanquished Creatures
  5 adders
  2 worms
  A dart slug (D:2)
  5 orcs (D:3)
  5 bats
  7 endoplasms
  3 giant cockroaches
  6 hobgoblins
  A quokka (D:1)
  3 ball pythons
  2 frilled lizards (D:1)
  6 goblins
  8 kobolds
  6 rats
60 creatures vanquished.

Notes
Turn   | Place    | Note
-------+----------+-------------------------------------------
     0 | D:1      | Martska the Demonspawn Fighter began the quest for the Orb.
     0 | D:1      | Reached XP level 1. HP: 18/18 MP: 1/1
     3 | D:1      | Noticed a human
     3 | D:1      | Noticed an elf
     5 | D:1      | Noticed a gargoyle
     7 | D:1      | Noticed a naga
     9 | D:1      | Noticed a merfolk
     9 | D:1      | Noticed an armataur
    11 | D:1      | Noticed a felid
    13 | D:1      | Noticed a demigod
    13 | D:1      | Noticed a demonspawn
    15 | D:1      | Noticed a tengu
    15 | D:1      | Noticed a minotaur
    17 | D:1      | Noticed a formicid
    17 | D:1      | Noticed a meteoran
    19 | D:1      | Noticed a vampire
    19 | D:1      | Noticed a ghoul
    21 | D:1      | Noticed an ogre
    21 | D:1      | Noticed an octopode
    23 | D:1      | Noticed a troll
    23 | D:1      | Noticed a vine stalker
    25 | D:1      | Noticed a spriggan
    25 | D:1      | Noticed a vampire
    27 | D:1      | Noticed an octopode
   176 | D:1      | Gained mutation: You are partially covered in sharp spines.
                  | [demonic ancestry]
   176 | D:1      | Reached XP level 2. HP: 24/24 MP: 2/2
   345 | D:1      | Reached skill level 1 in Dodging
   754 | D:2      | Gained mutation: You are partially covered in large bone
                  | plates. (SH +4) [demonic ancestry]
   754 | D:2      | Reached XP level 3. HP: 29/29 MP: 3/3
   848 | D:2      | Found an iron altar of Okawaru.
   896 | D:2      | Gained mutation: You are mostly covered in large bone
                  | plates. (SH +6) [demonic ancestry]
   896 | D:2      | Reached XP level 4. HP: 37/37 MP: 4/4
   927 | D:2      | Became a worshipper of Warmaster Okawaru
  1366 | D:3      | Found a shadowy altar of Dithmenos.
  1419 | D:3      | Found a faded altar of an unknown god.
  1742 | D:3      | Noticed Grinder
  1760 | D:3      | Paralysed by Grinder for 2 turns
  1761 | D:3      | Slain by Grinder

Illustrated notes

Levels and vault maps discovered:
D:1:      kb_arrival_jail, layout_basic
D:2:      layout_loops_ring, basic_altar, minmay_box_of_dots
D:3:      layout_rooms, mainiacjoe_overflow_brackets,
          hellmonk_ecumenical_altar_lost_god, lightli_corner_chamber,
          uniq_grinder

Skill      XL: |  1  2  3  4 |
---------------+-------------+-----
Dodging        | 1 2 |  2.2
Armour         | 3 |  3.1
Shields        | 3 |  3.1
Fighting       | |  3.9
Polearms       | |  1.7
Invocations    | |  0.2

Action                     |  1- 3 |  4- 6 || total
---------------------------+-------+-------++-------
  Melee: Dagger            |    75 |    77 ||   152
         Trident           |    11 |       ||    11
    Use: Potion            |       |     1 ||     1
 Armour: Scale mail        |    31 |    15 ||    46
  Dodge: Dodged            |    27 |    17 ||    44
  Block: Buckler           |    26 |    34 ||    60
